 Dungeon Crawl Stone Soup version 0.21-a0-522-ga8338f0 (webtiles) character file.

62 slep the Covered (level 4, -1/35 HPs)
             Began as a Formicid Wanderer on Dec 6, 2017.
             Slain by a gnoll
             ... wielding a cursed -1 spear
              (9 damage)
             ... on level 2 of the Dungeon.
             The game lasted 00:04:13 (1057 turns).

slep the Covered (Formicid Wanderer)                Turns: 1057, Time: 00:04:14

Health: -1/35      AC:  5    Str: 15    XL:     4   Next: 28%
Magic:  4/4        EV: 10    Int: 15    God:
Gold:   119        SH:  0    Dex:  9    Spells: 3/3 levels left

rFire    . . .     SeeInvis +   a - +2 falchion
rCold    . . .     Gourm    .   (no shield)
rNeg     + . .     Faith    .   c - +0 ring mail
rPois    .         Spirit   .   (helmet unavailable)
rElec    .         Reflect  .   (no cloak)
rCorr    .         Harm     .   (no gloves)
MR       .....                  (no boots)
Stlth    ..........             (no amulet)
HPRegen  0.11/turn              e - ring of teleportation (curse)
MPRegen  0.09/turn              i - ring of positive energy

@: no status effects
A: permanent stasis, dig shafts and tunnels, four strong arms, antennae 3
a: Dig, Shaft Self


You were on level 2 of the Dungeon.
You were not hungry.

You visited 1 branch of the dungeon, and saw 2 of its levels.

You collected 119 gold pieces.

Inventory:

Hand Weapons
 a - a +2 falchion (weapon)
Armour
 c - a +0 ring mail (worn)
Jewellery
 e - a cursed ring of teleportation (left hand)
 i - a ring of positive energy (right hand)
Scrolls
 f - a scroll of random uselessness {unknown}
 j - a scroll of teleportation {unknown}
 k - 3 scrolls of identify {unknown}
 l - a scroll of fog {unknown}
Potions
 b - 4 potions of lignification
 h - a potion of haste {unknown}
Comestibles
 d - 2 bread rations
 g - a royal jelly
 m - a chunk of flesh


   Skills:
 + Level 3.1 Fighting
 + Level 2.0 Long Blades
   Level 1.0 Bows
 + Level 1.2 Throwing
 + Level 3.9 Armour
 + Level 1.3 Dodging
   Level 1.1 Evocations


You had 3 spell levels left.
You didn't know any spells.

Dungeon Overview and Level Annotations

Branches:
Dungeon (2/15)

Altars:


Innate Abilities, Weirdness & Mutations

You cannot be hasted, slowed, berserked, paralysed or teleported.
You can dig through walls and to a lower floor.
Your four strong arms can wield two-handed weapons with a shield.
You have a pair of large antennae on your head. (SInv)


Message History

The gnoll completely misses you. The gnoll hits you but does no damage.
You closely miss the gnoll.
The gnoll is almost dead.
The gnoll hits you but does no damage. The gnoll closely misses you.
You hit the gnoll.
You kill the gnoll!
Your Long Blades skill increases to level 2!
The gnoll hits you but does no damage. The gnoll hits you but does no damage.
The gnoll barely misses you.
You see here a whip.
You closely miss the gnoll. The gnoll barely misses you.
You riposte.
You hit the gnoll.
The gnoll is moderately wounded.
The gnoll hits you from afar with a halberd.
* * * LOW HITPOINT WARNING * * *
The gnoll misses you.
You barely miss the gnoll.
The gnoll is moderately wounded.
The gnoll barely misses you. The gnoll hits you with a spear!
You die...

..#.......#
##................#.
..#.......#
#..################.
..##.....# #.## #.
..(......#####.# ##
.##............# ##
.##.......###### ..#
###.÷.....# #######...#
###.÷....##########(........#
................@gg.##......#
####.###...########....##...#
####..####.#######..#########
# ...>...............##
#....# # #####.####.#########
#....# ## # ##.####.#
###....# #. ## #.......####
###......# #.
.###..###.....#####........#
#. ..##|.#
##.##.......###....# #.


You could see 2 gnolls.

Vanquished Creatures
  A gnoll (D:2)
  An ooze (D:1)
  A leopard gecko (D:1)
  8 bats
  2 giant cockroaches
  5 goblins
  8 hobgoblins
  2 ball pythons
  2 frilled lizards
  7 kobolds
  9 rats
46 creatures vanquished.

Notes
Turn   | Place    | Note
-------+----------+-------------------------------------------
     0 | D:1      | slep the Formicid Wanderer began the quest for the Orb.
     0 | D:1      | slep set off with: a +2 falchion, a potion of lignification, a +0 ring mail, a bread ration
     0 | D:1      | Reached XP level 1. HP: 16/16 MP: 1/1
    33 | D:1      | Reached XP level 2. HP: 18/23 MP: 2/2
   282 | D:1      | Reached XP level 3. HP: 23/28 MP: 3/3
   835 | D:2      | Reached XP level 4. HP: 30/35 MP: 4/4
  1057 | D:2      | Slain by a gnoll

Vault maps used:
D:1:      lightli_molten_gateway, minmay_tall_x

Skill      XL: |  1  2  3  4 |
---------------+-------------+-----
Fighting       | 3 |  3.1
Long Blades    | 2 |  2.0
Bows           | |  1.0
Throwing       | |  1.2
Armour         | |  3.9
Dodging        | |  1.3
Evocations     | |  1.1

Action                   |  1- 3 |  4- 6 || total
-------------------------+-------+-------++-------
Melee: Falchion          |    91 |    23 ||   114
  Eat: Chunk             |       |     1 ||     1
Armor: Ring mail         |    48 |    12 ||    60
Dodge: Dodged            |    66 |    23 ||    89
       Rpst.: Falchion   |    23 |     4 ||    27

Table legend:
 A = Spawn XP
 B = Non-spawn XP
 C = Spawn XP percentage of total XP
 D = Spawn monster count
 E = Non-spawn monster count
 F = Spawn count percentage of total count
 G = Total turns spent on level
                    A         B        C        D         E        F      G
               +---------+---------+-------+---------+---------+-------+---------
         Total |       0 |      89 |   0.0 |       0 |      46 |   0.0 |  1057
               +---------+---------+-------+---------+---------+-------+---------
           D:1 |       0 |      51 |   0.0 |       0 |      29 |   0.0 |   655
           D:2 |       0 |      38 |   0.0 |       0 |      17 |   0.0 |   402
               +---------+---------+-------+---------+---------+-------+---------
